 Dungeon Crawl Stone Soup version 0.21-a0-278-ga722497 (webtiles) character file.

82 Moloch the Skirmisher (level 4, -1/29 HPs)
             Began as a Gargoyle Fighter on Sept 21, 2017.
             Killed by nerve-wracking pain
             ... invoked by Jessica
              (6 damage)
             ... on level 3 of the Dungeon.
             The game lasted 00:02:26 (1911 turns).

Moloch the Skirmisher (Gargoyle Fighter)            Turns: 1911, Time: 00:02:26

Health: -1/29      AC: 16    Str: 19    XL:     4   Next: 43%
Magic:  4/4        EV:  3    Int:  9    God:
Gold:   97         SH:  9    Dex: 10    Spells: 3/3 levels left

rFire    . . .     SeeInvis .   a - +0 war axe
rCold    . . .     Gourm    .   c - +0 shield
rNeg     + . .     Faith    .   t - +0 plate armour
rPois    ∞         Spirit   .   e - +0 helmet
rElec    +         Reflect  .   (no cloak)
rCorr    .         Harm     .   (no gloves)
MR       .....                  (no boots)
Stlth    ..........             (no amulet)
HPRegen  0.09/turn              (no ring)
MPRegen  0.09/turn              (no ring)

@: no status effects
A: negative energy resistance 1, electricity resistance, unbreathing,
petrification resistance, rot immunity, AC +3
a: no special abilities


You were on level 3 of the Dungeon.
You were hungry.

You visited 1 branch of the dungeon, and saw 3 of its levels.

You collected 97 gold pieces.

Inventory:

Hand Weapons
 a - a +0 war axe (weapon)
Armour
 c - a +0 shield (worn)
 e - a +0 helmet (worn)
 t - a +0 plate armour (worn)
Scrolls
 b - a scroll of recharging {unknown}
 h - a scroll of remove curse {unknown}
 i - 4 scrolls of identify {unknown}
 n - a scroll of fog {unknown}
 p - 2 scrolls of amnesia {unknown}
 s - a scroll of blinking {unknown}
Potions
 d - a potion of might
 g - a potion of degeneration {unknown}
 k - 2 potions of heal wounds {unknown}
 l - 2 potions of agility {unknown}
 o - a potion of lignification {unknown}
Comestibles
 f - 2 bread rations
 j - 2 meat rations
 m - 2 royal jellies
 r - 2 fruits


   Skills:
 + Level 4.0 Fighting
 * Level 3.6 Axes
 - Level 3.2 Armour
 - Level 3.2 Shields


You had 3 spell levels left.
You didn't know any spells.

Dungeon Overview and Level Annotations

Branches:
Dungeon (3/15)

Altars:
Qazlal
Yredelemnul

Annotations:
D:3 Jessica


Innate Abilities, Weirdness & Mutations

You are resistant to torment.
Your stone body is resilient. (AC +3)
You are immune to poison.
You resist negative energy. (rN+)
You are resistant to electric shocks. (rElec)
You can survive without breathing.
You are immune to petrification.
You are immune to rotting.


Message History

The kobold is severely wounded.
The kobold hits you but does no damage. Pain shoots through your body!
* * * LOW HITPOINT WARNING * * *
You slash the kobold!
You kill the kobold!
Things that are here:
a short sword; a blowgun; 10 poisoned needles You closely miss something.
Something hits you but does no damage. x2
You closely miss something.
You hear some strange, mumbled words.
Things that are here:
a short sword; a blowgun; 10 poisoned needles Something hits you but does no damage.
You miss something. Something hits you but does no damage.
Your plate armour prevents you from hitting something.
Jessica appears from thin air!
Reactivating autopickup.
Jessica gestures at you while chanting. Pain shoots through your body!
You die...

#..# #.##.#.# #..#
#.##.#.####
......>##.#)...# ...###
#.#.†..### ...#
#.)......#### ...#
#............ ...# #
#........## .
......#..<.###########..
#
.......[....@@)........#
.
..........##############
###########


You could see Jessica.

Vanquished Creatures
  Natasha (D:3)
  A worm (D:2)
  A leopard gecko (D:3)
  A ball python (D:1)
  4 giant cockroaches
  7 goblins
  6 hobgoblins
  2 jackals (D:2)
  3 quokkas (D:3)
  6 bats
  2 frilled lizards (D:2)
  10 kobolds
  4 rats
48 creatures vanquished.

Notes
Turn   | Place    | Note
-------+----------+-------------------------------------------
     0 | D:1      | Moloch the Gargoyle Fighter began the quest for the Orb.
     0 | D:1      | Reached XP level 1. HP: 14/14 MP: 1/1
     0 | D:1      | Noticed a dwarf
     0 | D:1      | Noticed a ghoul
     0 | D:1      | Noticed a dwarf
     4 | D:1      | Noticed a human
    13 | D:1      | Noticed a dwarf
    14 | D:1      | Noticed an elf
    15 | D:1      | Noticed a minotaur
    17 | D:1      | Noticed a ghoul
    21 | D:1      | Noticed a centaur
    21 | D:1      | Noticed a vampire
    21 | D:1      | Noticed a ghoul
    23 | D:1      | Noticed a felid
    23 | D:1      | Noticed a minotaur
    25 | D:1      | Noticed an elf
    25 | D:1      | Noticed a vine stalker
   399 | D:1      | Reached XP level 2. HP: 17/19 MP: 2/2
   933 | D:2      | Found a basalt altar of Yredelemnul.
  1143 | D:2      | Reached XP level 3. HP: 24/24 MP: 3/3
  1366 | D:2      | Noticed an earth elemental
  1370 | D:2      | Found a stormy altar of Qazlal.
  1372 | D:2      | Noticed a water elemental
  1373 | D:2      | Noticed an air elemental
  1373 | D:2      | Noticed a fire elemental
  1811 | D:3      | Noticed Natasha
  1816 | D:3      | Killed Natasha
  1816 | D:3      | Reached skill level 4 in Fighting
  1816 | D:3      | Reached XP level 4. HP: 17/29 MP: 4/4
  1846 | D:3      | Noticed Jessica
  1911 | D:3      | Killed from afar by Jessica

Vault maps used:
D:1:      shiori_arrival_whats_in_store_for_you, lemuel_old_faithful
D:2:      yredelemnul_altar_generic, nicolae_qazlal_style_of_elements
D:3:      gup_sewer_entry_bubbles, kennysheep_generic_room_9, uniq_robin,
          uniq_jessica, uniq_sigmund, uniq_natasha, uniq_grinder

Skill      XL: |  1  2  3 |
---------------+----------+-----
Axes           | 2 3 |  3.6
Fighting       | 4 |  4.0
Armour         | |  3.2
Shields        | |  3.2

Action                   |  1- 3 |  4- 6 || total
-------------------------+-------+-------++-------
Melee: War axe           |   181 |    36 ||   217
  Eat: Chunk             |     3 |       ||     3
Armor: Scale mail        |    81 |       ||    81
       Plate armour      |    25 |    43 ||    68
Dodge: Dodged            |    68 |     2 ||    70
Block: Shield            |    87 |    30 ||   117

Table legend:
 A = Spawn XP
 B = Non-spawn XP
 C = Spawn XP percentage of total XP
 D = Spawn monster count
 E = Non-spawn monster count
 F = Spawn count percentage of total count
 G = Total turns spent on level
                    A         B        C        D         E        F      G
               +---------+---------+-------+---------+---------+-------+---------
         Total |       0 |     118 |   0.0 |       0 |      48 |   0.0 |  1911
               +---------+---------+-------+---------+---------+-------+---------
           D:1 |       0 |      20 |   0.0 |       0 |      12 |   0.0 |   919
           D:2 |       0 |      44 |   0.0 |       0 |      25 |   0.0 |   833
           D:3 |       0 |      54 |   0.0 |       0 |      11 |   0.0 |   159
               +---------+---------+-------+---------+---------+-------+---------
